 Dungeon Crawl Stone Soup version 0.30-a0-475-g03497ec522 (webtiles) character file.

Game seed: 11176041663145605086

115 Zonian the Magician (level 5, -3/35 HPs)
             Began as a Djinni Ice Elementalist on Dec 21, 2022.
             Killed by divine providence
             ... invoked by an orc priest
              (12 damage)
             ... on level 4 of the Dungeon.
             The game lasted 00:05:28 (2852 turns).

Zonian the Magician (Djinni Ice Elementalist)       Turns: 2852, Time: 00:05:28

Health: -3/35      AC:  4    Str:  7    XL:     5   Next: 20%
Gold:   186        EV: 12    Int: 18    God:
                   SH:  3    Dex: 14

rFire   + + .      SeeInvis .    c - +0 short sword (vorpal)
rCold   x . .      Faith    .    o - +0 buckler
rNeg    . . .      Spirit   .    a - +1 robe
rPois   ∞          Reflect  .    w - +0 helmet
rElec   .          Harm     .    (no cloak)
rCorr   .          Rampage  .    (no gloves)
Will    .....                    (boots unavailable)
Stlth   ++........               (no amulet)
HPRegen 0.25/turn                (no ring)
MPRegen 0.00/turn                (no ring)

@: flying
A: sickness immunity, fire resistance 2, cold vulnerability 1, float, innate
caster, HP casting, extra vitality 1
a: no special abilities


You were on level 4 of the Dungeon.
You visited 1 branch of the dungeon, and saw 4 of its levels.

You collected 186 gold pieces.

Inventory:

Hand Weapons
 c - a +0 vorpal short sword (weapon)
 h - a +0 short sword
 s - a +0 long sword
 x - a +0 war axe
Missiles
 y - 6 boomerangs
Armour
 a - a +1 robe (worn)
 o - a +0 buckler (worn)
 w - a +0 helmet (worn)
Jewellery
 n - a ring of poison resistance
Scrolls
 b - a scroll of enchant weapon {unknown}
 f - a scroll of teleportation {unknown}
 j - a scroll of magic mapping {unknown}
 q - a scroll of vulnerability {unknown}
 v - a scroll of identify
Potions
 d - a potion of lignification {unknown}
 e - 2 potions of curing {unknown}
 g - a potion of attraction {unknown}
 i - a potion of flight {unknown}
 k - a potion of mutation {unknown}
 l - 2 potions of heal wounds {unknown}
 m - a potion of magic {unknown}
 p - a potion of degeneration {unknown}
 t - a potion of ambrosia
 z - 3 potions of brilliance {unknown}


   Skills:
 - Level 3.0 Dodging
 - Level 2.2 Stealth
 + Level 4.3 Spellcasting


You couldn't memorise any spells.
You knew the following spells:

 Your Spells              Type           Power      Damage    Failure   Level
a - Freeze                Ice            76%        1d8       3%          1
b - Frozen Ramparts       Ice            38%        1d6       10%         3
c - Ozocubu's Armour      Ice            19%        N/A       10%         3
d - Summon Ice Beast      Ice/Summ       19%        N/A       32%         4
e - Sting                 Tmut/Pois      76%        1d6       3%          1
f - Wereblood             Tmut           19%        N/A       4%          2
Your spell library was empty.

Dungeon Overview and Level Annotations

Branches:
Dungeon (4/15)
 Temple: D:4-7

Altars:
Hepliaklqana


Innate Abilities, Weirdness & Mutations

You are immune to sickness and miasma.
You are immune to poison.
Your flesh is very heat resistant. (rF++)
You are vulnerable to cold. (rC-)
You float through the air rather than walking.
You learn spells naturally, not from books.
Your magical power is your life essence.
You have superior vitality. (+4 MHP)


Message History

Confirm with . or Enter, or press ? or * to list all spells.
Aiming: Sting (safe; 3% risk of failure)
Press: ? - help, Shift-Dir - straight line, f/p - orc
Aim: an orc, wielding a +0 short sword and wearing a +0 chain mail (lightly wounded, very poisoned, 81% to hit)
You miscast Sting.
You are very lightly contaminated with residual magic.
Nothing appears to happen.
You closely miss the orc.
The orc is lightly wounded.
The orc priest mumbles some strange prayers to Beogh against you.
Beogh smites you! The orc misses you.
You barely miss the orc.
The orc is lightly wounded.
The orc barely misses you.
Unknown command.
The orc closely misses you. The orc completely misses you.
There is an open door here.
Casting: Sting (safe; 3% risk of failure)
Confirm with . or Enter, or press ? or * to list all spells.
Okay, then.
Okay, then.
As you read the scroll labelled NOOCVY KUBBOTT, it crumbles to dust.
It is a scroll of amnesia.
You feel forgetful for a moment. The orc barely misses you.
Your magical contamination has completely faded away.
As you read the scroll labelled SULUOCUACU, it crumbles to dust.
It is a scroll of brand weapon.
Your +0 short sword emits a brilliant flash of light!
c - a +0 vorpal short sword (weapon)
You block the orc's attack. x2
Unknown command.
The orc priest invokes the aid of Beogh against you.
Beogh smites you!
* * * LOW HITPOINT WARNING * * *
There is an open door here.
The orc looks more healthy.
The orc priest mumbles some strange prayers to Beogh against you.
Beogh smites you!
You die...

#.......# #.......# #.......#
###.......# ####..o.##'###
+.....# #..#....'..# #.....#
#..oo...#..#
##+#.....#######'#....#.##
#..............@....###.#######
#...................#.........#.
#...................#.........'.
#...................'...##†.###.
+#...................#...##..####
.......###'#####....#######......
.......#...# #...†#............
.......#...# #)...#|...........
.......#...# #....#....##..###.


You could see an orc priest and 2 orcs.

Vanquished Creatures
  An iguana (D:4)
  An adder (D:3)
  3 worms
  A dart slug (D:3)
  7 orcs
  8 ball pythons
  3 bats
  4 endoplasms
  6 goblins
  5 hobgoblins
  10 kobolds
  4 quokkas
  2 frilled lizards
  5 rats
60 creatures vanquished.

Notes
Turn   | Place    | Note
-------+----------+-------------------------------------------
     0 | D:1      | Zonian the Djinni Ice Elementalist began the quest for the
                  | Orb.
     0 | D:1      | Zonian set off with the following spells memorised: Freeze,
                  | Frozen Ramparts, Ozocubu's Armour, Summon Ice Beast.
     0 | D:1      | Reached XP level 1. HP: 15/15 MP: 0/0
   204 | D:1      | Reached XP level 2. HP: 15/21 MP: 0/0
   574 | D:1      | Reached XP level 3. HP: 20/25 MP: 0/0
   574 | D:1      | Learned a level 1 spell: Sting
   792 | D:2      | Identified the +1 pair of boots "Lakkucz Viro" {Dex+3
                  | Slay+3}
  1684 | D:3      | Reached XP level 4. HP: 24/31 MP: 0/0
  2033 | D:3      | Reached skill level 4 in Spellcasting
  2177 | D:3      | Found a hazy altar of Hepliaklqana.
  2494 | D:4      | Reached XP level 5. HP: 27/35 MP: 0/0
  2494 | D:4      | Learned a level 2 spell: Wereblood
  2852 | D:4      | Killed from afar by an orc priest

Illustrated notes

Levels and vault maps discovered:
D:1:      lightli_arrival_statuegarden, layout_basic, hex_medium
D:2:      layout_rooms
D:3:      minmay_diamond_boxcup, layout_loops_corners, lemuel_tele_altar,
          mainiacjoe_overflow_tiny_flanked, nrook_mini_backslash,
          reono_crystal_passage
D:4:      layout_gridville

Skill      XL: |  1  2  3  4 |
---------------+-------------+-----
Stealth        | 2 |  2.2
Dodging        | 3 |  3.0
Spellcasting   | 4 |  4.3

Action                   |  1- 3 |  4- 6 || total
-------------------------+-------+-------++-------
Melee: Short sword       |    12 |    13 ||    25
 Cast: Freeze            |    56 |    26 ||    82
       Sting             |       |    10 ||    10
  Use: Scroll            |     2 |     2 ||     4
 Stab: Sleeping          |     3 |     3 ||     6
Armor: Robe              |     8 |     3 ||    11
Dodge: Dodged            |    19 |    17 ||    36
Block: Buckler           |     3 |     6 ||     9

Table legend: (Time is in decaauts)
 A = Elapsed time spent in this place.
 B = Non-inter-level travel time spent in this place.
 C = Inter-level travel time spent in this place.
 D = Time resting spent in this place.
 E = Time spent auto-exploring this place.
 F = Levels seen in this place.
 G = Mean time per level.
                   A        B        C        D        E       F      G
               +--------+--------+--------+--------+--------+-----+--------+
         Total |   2851 |   2740 |    111 |    479 |   1674 |   4 |  712.8 |
       Dungeon |   2851 |   2740 |    111 |    479 |   1674 |   4 |  712.8 |
               +--------+--------+--------+--------+--------+-----+--------+

Top non-repeatable levels by time:
     D:3: 1000 daAuts
     D:1: 918 daAuts
     D:2: 566 daAuts
     D:4: 367 daAuts
